Map: 2000 Atmospheres LE

Players

Scarlett - Winner!

  • Race: Zerg Zerg

Zest

  • Race: Protoss Protoss

Event: DreamHack SC2 Masters 2021 Winter

VOD

Have the link to the VOD?

Description

Time

  • Played on: Nov. 13, 2021, 12:27 p.m.
  • Length: 15:22

All games in this series

Show
View Real Time Build Order
Export as new Build Order

Scarlett Zerg - Winner!

Build Orders: Hatch First, Brood Lord Corruptor 

Get SALT Encoding   

  12  0:00  Drone  
  13  0:12  Overlord  
  13  0:16  Drone  
  14  0:30  Drone x2  
  16  0:42  Drone  
  17  0:50  Hatchery  
  17  0:54  Drone  
  17  0:57  Drone  
  18  1:08  Extractor  
  17  1:12  Spawning Pool  
  17  1:15  Drone  
  17  1:19  Drone  
  18  1:28  Drone  
  19  1:39  Drone  
  20  1:50  Overlord  
  20  1:59  Queen  
  22  2:02  Zergling x2, Queen  
  22  2:03  Drone  
  26  2:12  Metabolic Boost  
  26  2:15  Drone  
  26  2:16  Drone  
  28  2:25  Drone x2  
  30  2:35  Hatchery  
  29  2:37  Drone  
  29  2:40  Zergling x2  
  31  2:45  Queen  
  31  2:50  Overlord  
  33  2:53  Drone  
  34  2:59  Drone x2  
  36  3:08  Overlord  
  36  3:11  Drone x4  
  40  3:13  Drone x2  
  40  3:18  Queen  
  44  3:25  Queen  
  46  3:27  Drone  
  46  3:29  Drone  
  46  3:32  Zergling x2  
  49  3:38  Drone x2  
  51  3:45  Drone  
  51  3:47  Spore Crawler  
  51  3:49  Queen  
  51  3:50  Drone x5  
  56  4:04  Overlord  
  56  4:06  Queen, Spore Crawler, Extractor x2  
  56  4:08  Spore Crawler  
  54  4:10  Drone x3  
  57  4:18  Overlord  
  55  4:26  Drone x9  
  55  4:29  Drone  
  55  4:30  Drone  
  65  4:35  Lair  
  65  4:38  Drone x3  
  68  4:45  Roach Warren  
  67  4:48  Zergling x4  
  67  4:49  Overlord  
  69  4:54  Drone  
  69  4:56  Queen  
  72  5:00  Zergling x4  
  72  5:02  Overlord x2  
  74  5:08  Drone, Overlord  
  74  5:09  Drone x3  
  78  5:15  Drone x4  
  78  5:21  Hatchery  
  81  5:26  Extractor  
  81  5:27  Evolution Chamber, Extractor x2  
  81  5:28  Drone x4  
  81  5:36  Drone x6  
  87  5:49  Overseer  
  86  5:53  Drone x6  
  86  5:55  Zerg Missile Weapons Level 1  
  86  5:56  Overlord x2  
  92  5:59  Glial Reconstitution  
  92  6:09  Infestation Pit  
  92  6:11  Drone x6  
  97  6:12  Overlord x3  
  97  6:23  Overlord  
  96  6:30  Drone x7  
  103  6:33  Spore Crawler  
  103  6:36  Spire, Queen x2  
  103  6:38  Queen  
  107  6:44  Drone  
  107  6:45  Drone x5  
  111  6:59  Drone x7  
  111  7:00  Drone x3  
  121  7:03  Extractor  
  121  7:05  Extractor  
  121  7:07  Hive  
  119  7:09  Overlord x3  
  119  7:15  Queen x2  
  123  7:19  Evolution Chamber  
  123  7:21  Overlord x2  
  120  7:27  Spine Crawler  
  119  7:32  Hatchery  
  118  7:42  Roach x12  
  142  7:44  Pathogen Glands  
  142  7:47  Zerg Ground Armor Level 1  
  142  7:51  Queen  
  142  7:53  Zerg Missile Weapons Level 2, Overlord x2  
  142  7:56  Queen  
  146  7:59  Overseer  
  146  8:01  Roach  
  146  8:02  Roach x2  
  146  8:05  Roach x4  
  160  8:08  Ravager x7  
  167  8:13  Roach x3  
  167  8:19  Roach x6  
  178  8:29  Infestor x6  
  172  8:45  Greater Spire  
  169  8:51  Viper x2  
  175  9:01  Extractor  
  174  9:04  Extractor  
  174  9:08  Corruptor x4  
  174  9:09  Corruptor  
  183  9:16  Zergling x8  
  183  9:17  Zergling x4  
  189  9:24  Corruptor x3  
  190  9:53  Corruptor x4  
  190  9:54  Spine Crawler  
  190  9:55  Spine Crawler  
  190  9:57  Spine Crawler  
  190  9:59  Spine Crawler  
  188  10:10  Corruptor x4  
  196  10:15  Zerg Melee Weapons Level 1, Zerg Ground Armor Level 2  
  196  10:23  Adrenal Glands  
  196  10:25  Baneling Nest  
  195  10:32  Zerg Flyer Armor Level 1  
  189  10:52  Overlord x2  
  189  10:55  Spire  
  188  11:03  Overlord  
  189  11:04  Zergling x12  
  194  11:22  Ravager  
  194  11:23  Baneling x12, Centrifugal Hooks  
  195  11:28  Hatchery  
  188  11:46  Zergling x4, Roach  
  188  11:47  Zergling x20  
  185  11:54  Zergling x2  
  185  11:55  Zergling x16  
  182  12:09  Spine Crawler  
  175  12:19  Corruptor x13  
  197  12:27  Baneling x7  
  197  12:39  Zergling x6  
  199  12:50  Corruptor x9  
  198  12:54  Roach x5  
  193  13:05  Roach x7  
  187  13:15  Hatchery, Zergling x14  
  193  13:24  Zergling x2, Spine Crawler  
  193  13:25  Zerg Flyer Weapons Level 1, Zergling x8, Spore Crawler  
  194  13:36  Zergling x10  
  194  13:37  Baneling x4  
  194  13:39  Overseer x3  
  199  13:48  Baneling x9  
  199  13:49  Baneling  
  199  13:50  Baneling x8  
  196  13:58  Zergling x6  
  199  14:05  Zergling x2  
  190  14:12  Zergling x24  
  196  14:22  Roach x5  
  183  14:38  Brood Lord x11  
  191  14:56  Brood Lord x3  
Show
View Real Time Build Order
Export as new Build Order

Zest Protoss 

Build Orders: 1 Gate Expand, Oracle Opening, Carriers 

Get SALT Encoding   

  12  0:00  Probe  
  13  0:12  Probe  
  14  0:19  Pylon  
  14  0:24  Probe  
  15  0:37  Probe (Chrono Boost)  
  15  0:40  Gateway  
  16  0:46  Probe (Chrono Boost)  
  17  0:50  Assimilator  
  17  0:51  Probe (Chrono Boost)  
  18  1:03  Probe  
  19  1:15  Probe  
  20  1:25  Nexus  
  20  1:36  Cybernetics Core  
  21  1:40  Probe  
  21  1:44  Assimilator  
  21  1:52  Probe  
  21  1:54  Pylon  
  22  2:04  Probe (Chrono Boost)  
  23  2:12  Adept  
  23  2:15  Probe (Chrono Boost)  
  26  2:17  Stargate  
  26  2:20  Probe (Chrono Boost)  
  27  2:25  Warp Gate  
  27  2:32  Probe (Chrono Boost)  
  28  2:38  Probe (Chrono Boost)  
  28  2:42  Adept  
  32  2:47  Probe x2 (Chrono Boost)  
  33  2:52  Void Ray (Chrono Boost), Probe (Chrono Boost)  
  33  2:54  Probe  
  35  3:04  Probe  
  40  3:06  Probe  
  40  3:07  Pylon  
  41  3:14  Gateway  
  41  3:17  Probe  
  41  3:19  Probe  
  43  3:25  Oracle (Chrono Boost)  
  46  3:31  Probe x2  
  48  3:43  Probe x2  
  50  3:49  Nexus  
  50  3:52  Pylon  
  50  3:55  Probe  
  51  3:59  Probe  
  51  4:03  Assimilator  
  51  4:05  Assimilator  
  51  4:07  Stargate  
  51  4:08  Probe  
  52  4:11  Probe  
  52  4:14  Pylon  
  52  4:16  Void Ray (Chrono Boost)  
  53  4:21  Probe  
  53  4:23  Probe  
  59  4:33  Probe  
  59  4:36  Probe  
  61  4:41  Pylon  
  61  4:42  Void Ray (Chrono Boost)  
  61  4:45  Probe  
  62  4:48  Probe  
  67  4:55  Void Ray (Chrono Boost)  
  67  4:57  Probe  
  72  5:00  Probe  
  72  5:01  Probe  
  72  5:02  Shield Battery  
  74  5:09  Void Ray (Chrono Boost), Probe  
  74  5:11  Forge  
  74  5:12  Probe  
  74  5:13  Probe  
  81  5:21  Probe  
  81  5:22  Void Ray (Chrono Boost)  
  81  5:24  Probe  
  81  5:26  Probe, Pylon  
  88  5:32  Assimilator  
  88  5:33  Assimilator, Probe  
  89  5:36  Probe  
  89  5:38  Probe  
  91  5:43  Pylon  
  91  5:46  Protoss Air Weapons Level 1, Probe  
  91  5:48  Probe  
  93  5:50  Probe  
  94  5:58  Probe  
  94  6:00  Probe  
  94  6:02  Probe  
  94  6:04  Photon Cannon  
  97  6:05  Pylon  
  97  6:10  Probe  
  97  6:11  Fleet Beacon, Stargate  
  98  6:14  Photon Cannon  
  98  6:15  Shield Battery  
  98  6:24  Void Ray x2 (Chrono Boost)  
  98  6:29  Probe x2  
  98  6:31  Probe  
  101  6:33  Robotics Facility  
  101  6:36  Pylon  
  109  6:47  Nexus  
  109  6:49  Pylon  
  109  6:50  Void Ray (Chrono Boost)  
  109  6:51  Void Ray (Chrono Boost)  
  109  6:52  Gateway, Pylon  
  109  6:53  Gateway  
  109  6:55  Void Ray (Chrono Boost)  
  109  6:58  Flux Vanes  
  121  7:09  Photon Cannon  
  121  7:10  Gateway  
  121  7:11  Gateway  
  121  7:19  Warp Prism (Chrono Boost)  
  120  7:27  Void Ray (Chrono Boost)  
  120  7:28  Void Ray (Chrono Boost)  
  120  7:29  Void Ray (Chrono Boost)  
  128  7:30  Pylon  
  128  7:34  Gateway x2  
  132  7:39  Pylon  
  132  7:40  Probe x2  
  132  7:41  Probe  
  135  7:47  Sentry x2  
  139  7:57  Stalker x2  
  143  8:01  Observer  
  143  8:03  Gateway  
  144  8:08  Pylon  
  144  8:09  Sentry x2  
  144  8:11  Stalker  
  144  8:12  Zealot  
  124  8:40  Probe x3  
  111  8:41  Probe  
  112  8:49  Assimilator x2  
  112  8:52  Probe x3  
  112  8:53  Probe  
  116  9:01  Observer, Carrier (Chrono Boost)  
  116  9:02  Carrier (Chrono Boost)  
  128  9:04  Probe  
  129  9:10  Gateway  
  129  9:11  Gateway  
  129  9:12  Gateway, Observer  
  129  9:14  Carrier (Chrono Boost)  
  129  9:15  Twilight Council  
  129  9:16  Pylon  
  129  9:18  Pylon  
  135  9:25  Nexus  
  135  9:26  Pylon  
  131  9:40  Cybernetics Core  
  131  9:43  Cybernetics Core  
  131  9:44  Zealot x9  
  149  9:47  Observer  
  149  9:54  Templar Archives  
  149  9:59  Carrier x2 (Chrono Boost)  
  149  10:01  Observer  
  161  10:08  Carrier (Chrono Boost)  
  161  10:10  Protoss Ground Weapons Level 1 (Chrono Boost), Charge (Chrono Boost)  
  161  10:11  Observer  
  168  10:18  Nexus  
  168  10:21  Observer  
  168  10:26  Pylon  
  168  10:28  Observer  
  168  10:37  Zealot x8  
  168  10:38  Zealot x3  
  177  10:48  Mothership (Chrono Boost)  
  173  10:53  Carrier (Chrono Boost)  
  186  11:06  Carrier (Chrono Boost)  
  186  11:07  Protoss Air Armor Level 1 (Chrono Boost)  
  186  11:08  Protoss Air Weapons Level 2 (Chrono Boost)  
  192  11:13  Void Ray (Chrono Boost)  
  196  11:19  High Templar x2  
  200  11:25  Archon  
  200  11:28  Shield Battery  
  200  11:30  Shield Battery  
  192  11:47  Void Ray  
  192  11:51  High Templar x4  
  192  11:52  Zealot  
  200  11:56  Void Ray  
  200  11:59  Archon x2  
  180  12:05  Zealot x5  
  180  12:06  Void Ray  
  180  12:07  Warp Prism (Chrono Boost)  
  182  12:10  Zealot x2  
  178  12:24  High Templar  
  178  12:25  Zealot x7, High Templar  
  178  12:26  Zealot, Void Ray  
  196  12:31  Zealot, Archon  
  196  12:32  Zealot  
  196  12:36  Assimilator  
  198  12:40  Assimilator  
  196  12:49  Zealot x5  
  142  13:05  Zealot x7  
  128  13:20  Observer  
  128  13:25  High Templar x7  
  128  13:27  Zealot x5  
  120  13:29  Archon  
  120  13:30  Archon x2  
  126  13:47  Nexus  
  126  13:49  Stalker x3  
  126  13:50  Stalker x2  
  136  14:02  Stalker x7  
  97  14:26  Zealot  
  97  14:27  Zealot x9  
  89  14:43  High Templar  
  91  14:48  Zealot x6  
  99  14:54  High Templar x3  
  99  14:55  Archon  
  103  15:02  Archon, High Templar x2  
  103  15:06  Archon  
  101  15:10  High Templar  
  97  15:15  Archon  
  97  15:16  Zealot x2  
  97  15:17  Zealot x3  

Tags
 
Add a new tag
Caveats
  • Supply blocks, unpowered buildings, or Contaminate may cause inaccurate times.
  • Supply counts are checked every 10 seconds.